 Dungeon Crawl Stone Soup version 0.29.1-15-g9cfb28693d (webtiles) character file.

Game seed: 8922430817782779572

126 croobank the Insei (level 5, -5/34 HPs)
             Began as an Octopode Transmuter on Apr 24, 2023.
             Was an Initiate of Sif Muna.
             Killed from afar by Sigmund (12 damage)
             ... with a bolt of light
             ... on level 2 of the Dungeon.
             The game lasted 00:07:14 (2315 turns).

croobank the Insei (Octopode Transmuter)            Turns: 2315, Time: 00:07:15

Health: -5/34      AC:  1    Str:  9    XL:     5   Next: 9%
Magic:  5/8        EV: 13    Int: 18    God:    Sif Muna [......]
Gold:   150        SH:  0    Dex: 12    Spells: 6/9 levels left

rFire   . . .      SeeInvis .     - Unarmed
rCold   . . .      Faith    .   (no shield)
rNeg    . . .      Spirit   .   (helmet currently unavailable)
rPois   .          Reflect  .   (no amulet)
rElec   .          Harm     .   (no ring)
rCorr   .          Rampage  .   (no ring)
Will    .....                   (no ring)
Stlth   ++........              (no ring)
HPRegen 0.11/turn               (no ring)
MPRegen 0.11/turn               (no ring)
                                (no ring)
                                (no ring)

@: confused, appendages (expiring), wereblooded
A: tentacle spike 3, almost no armour, amphibious, 8 rings, camouflage 1,
gelatinous body 1, (nimble swimmer 1), tentacles
a: End Transformation, Renounce Religion


You were on level 2 of the Dungeon.
You worshipped Sif Muna.
Sif Muna was noncommittal.
One of your tentacles had grown a beastly spike.
You visited 1 branch of the dungeon, and saw 3 of its levels.

You collected 150 gold pieces.

Inventory:

Hand Weapons
 i - the +4 spear of Reasonable Exoneration {pain, Fly}
   (You found it on level 2 of the Dungeon)

   In the hands of one skilled in necromantic magic, it inflicts extra damage on
   living creatures.
   Fly:       It grants you flight.
Magical Staves
 e - a staff of death
Wands
 f - a wand of light (3)
Scrolls
 d - a scroll of amnesia {unknown}
 g - a scroll of vulnerability {unknown}
 j - a scroll of fear {unknown}
Potions
 a - a potion of lignification
 b - a potion of resistance {unknown}
 c - a potion of attraction {unknown}
 h - a potion of curing
 k - a potion of flight {unknown}


   Skills:
 + Level 2.1 Fighting
 + Level 2.9 Dodging
 + Level 3.6 Unarmed Combat
 + Level 2.6 Spellcasting
 + Level 2.8 Transmutations
 + Level 0.3 Invocations


You had 6 spell levels left.
You knew the following spells:

 Your Spells              Type           Power      Damage    Failure   Level
a - Beastly Appendage     Tmut           24%        N/A       5%          1
b - Wereblood             Tmut           12%        N/A       8%          2

Your spell library contained the following spells:

 Spells                   Type           Power      Damage    Failure   Level
 Spider Form              Tmut/Pois      7%         N/A       28%         3
 Ice Form                 Ice/Tmut       7%         N/A       67%         4


Dungeon Overview and Level Annotations

Branches:
Dungeon (3/15)

Altars:
Cheibriados
Dithmenos
Gozag
Sif Muna
Yredelemnul

Annotations:
D:2 Sigmund


Innate Abilities, Weirdness & Mutations

One of your tentacles has grown a beastly spike.
You cannot wear most types of armour.
You are amphibious.
You can wear up to eight rings at the same time.
Your skin changes colour to match your surroundings (Stealth+).
Your rubbery body absorbs attacks. (AC +1, EV +1)
((You are camouflaged when in or above water. (Stealth+)))
You have tentacles for arms and can constrict up to eight enemies at once.


Message History

Your transformation is almost over.
Your tentacle spike disappears.
Your primal bloodlust is almost over.
Sigmund's eyes start glowing with a red light.
Your primal bloodlust has ended.
Okay, then.
Okay, then.
Casting: Wereblood (safe; 8% risk of failure)
Confirm with . or Enter, or press ? or * to list all spells.
One of your tentacles grows a vicious spike.
Casting: Beastly Appendage (safe; 5% risk of failure)
Confirm with . or Enter, or press ? or * to list all spells.
Your blood is infused with primal strength.
The frilled lizard misses you.
Sigmund zaps a wand.
The bolt of light hits the frilled lizard.
The frilled lizard dies!
The bolt of light misses you.
Sigmund hits you from afar with a +1 scythe of venom!
You see here a frilled lizard corpse.
Sigmund casts a spell at you. The puff of flame hits you!
You barely miss Sigmund. Your grab misses Sigmund. Sigmund closely misses you.
You tentacle-slap Sigmund. You grab Sigmund.
You pierce Sigmund.
You squeeze Sigmund.
Sigmund is moderately wounded.
You constrict Sigmund.
You tentacle-slap Sigmund but do no damage.
Your tentacle spike misses Sigmund.
Sigmund is heavily wounded.
You constrict Sigmund, but do no damage.
Sigmund gestures at you while chanting. The magic dart hits you.
* * * LOW HITPOINT WARNING * * *
You tentacle-slap Sigmund but do no damage.
You pierce Sigmund.
Sigmund is heavily wounded.
You constrict Sigmund, but do no damage.
Sigmund zaps a wand.
The bolt of light hits you!
You are confused.
You die...

.....# #..>..#### #.#
..#### #.##### #.# ...#
#..# #.# #........#
####.##### #...###.##
#........# ..#.###.######
#...)....#
###.....##...###........#
###...........##........#
...............@@.......#
...............#.†.....##
...............#########
###...........#####
##..#...##...##...#
.....#########>...#
.....## #.....# ##....#
#...### ##.#..### #...#


You could see Sigmund.

Vanquished Creatures
  Jessica (D:2)
  A gnoll (D:1)
  4 adders
  4 ball pythons (D:1)
  10 endoplasms
  4 giant cockroaches (D:1)
  2 goblins
  A hobgoblin (D:1)
  2 jackals (D:1)
  4 quokkas
  3 bats
  2 frilled lizards
  3 kobolds
  12 rats
53 creatures vanquished.

Vanquished Creatures (others)
  A frilled lizard (D:2)
1 creature vanquished.

Grand Total: 54 creatures vanquished

Notes
Turn   | Place    | Note
-------+----------+-------------------------------------------
     0 | D:1      | croobank the Octopode Transmuter began the quest for the
                  | Orb.
     0 | D:1      | Reached XP level 1. HP: 13/13 MP: 3/3
     7 | D:1      | Found a runed translucent door.
    37 | D:1      | Reached XP level 2. HP: 18/18 MP: 3/5
    41 | D:1      | Learned a level 2 spell: Wereblood
   673 | D:1      | Reached XP level 3. HP: 22/23 MP: 4/6
  1129 | D:2      | Noticed Sigmund
  1247 | D:2      | Noticed Jessica
  1256 | D:2      | Reached XP level 4. HP: 25/29 MP: 4/7
  1264 | D:2      | Killed Jessica
  1979 | D:3      | Found a shimmering blue altar of Sif Muna.
  2008 | D:3      | Became a worshipper of Sif Muna the Loreminder
  2071 | D:3      | Found an opulent altar of Gozag.
  2153 | D:3      | Noticed a scorpion
  2165 | D:3      | Found a snail-covered altar of Cheibriados.
  2183 | D:3      | Found a shadowy altar of Dithmenos.
  2190 | D:3      | Reached XP level 5. HP: 32/34 MP: 4/8
  2196 | D:3      | Found a basalt altar of Yredelemnul.
  2261 | D:2      | Identified the +4 spear of Reasonable Exoneration {pain,
                  | Fly}
  2315 | D:2      | Killed from afar by Sigmund

Illustrated notes

Levels and vault maps discovered:
D:1:      dpeg_arrival_caged_fury, layout_loops_ring, patterned_corridor
D:2:      layout_rooms, hellmonk_ecumenical_altar_defaced_shrine, uniq_jessica,
          uniq_sigmund
D:3:      layout_rooms, mainiacjoe_overflow_24_doors, amcnicky_altar_gilded,
          lemuel_crystal_altar, mainiacjoe_overflow_big_doors

Skill      XL: |  1  2  3  4 |
---------------+-------------+-----
Fighting       | 2 |  2.1
Dodging        | |  2.9
Unarmed Combat | |  3.6
Spellcasting   | |  2.6
Transmutations | |  2.8
Invocations    | |  0.3

Action                   |  1- 3 |  4- 6 || total
-------------------------+-------+-------++-------
Melee: Unarmed           |    57 |    43 ||   100
       Kick              |    18 |    12 ||    30
       Constrict         |    14 |     9 ||    23
       Tentacles         |     8 |     6 ||    14
       Punch             |     1 |       ||     1
 Cast: Beastly Appendage |    15 |    13 ||    28
       Wereblood         |    11 |    10 ||    21
  Use: Scroll            |       |     2 ||     2
 Stab: Sleeping          |     4 |     1 ||     5
Armor: Skin              |     3 |     4 ||     7
Dodge: Dodged            |    19 |    30 ||    49
